 Dungeon Crawl Stone Soup version 0.23.0 (webtiles) character file.

Game seed: 7542895579107325508

13308 LostNumber the Grappler (level 11, -7/169 HPs)
             Began as a Troll Air Elementalist on Feb 9, 2019.
             Mangled by a blink frog (9 damage)
             ... on level 3 of the Lair of Beasts.
             The game lasted 00:27:22 (11429 turns).

LostNumber the Grappler (Troll Air Elementalist)   Turns: 11429, Time: 00:27:22

Health: -7/169     AC: 25    Str: 20 (21) XL:     11   Next: 73%
Magic:  11/11      EV:  1    Int: 11      God:
Gold:   484        SH:  8    Dex:  9 (10) Spells: 11/12 levels left

rFire    . . .     SeeInvis +     - Unarmed
rCold    . . .     Gourm    +   J - +0 shield (curse)
rNeg     + + +     Faith    .   (armour currently unavailable)
rPois    +         Spirit   .   (helmet currently unavailable)
rElec    .         Reflect  .   (cloak currently unavailable)
rCorr    .         Harm     .   (gloves unavailable)
MR       .....     NoTele   +   (boots unavailable)
Stlth    +.........             (no amulet)
HPRegen  0.78/turn              z - ring of see invisible
MPRegen  0.12/turn              f - ring of poison resistance

@: tree-form
A: large, unfitting armour, fast metabolism 3, gourmand, regeneration 1
a: no special abilities


You were on level 3 of the Lair of Beasts.
You were completely stuffed.
You were a tree.
You visited 3 branches of the dungeon, and saw 13 of its levels.

You collected 484 gold pieces.

Inventory:

Hand Weapons
 p - a +1 flail of draining
   (You took it off an orc on level 3 of the Dungeon)
Missiles
 i - 2 throwing nets (quivered) {!f}
 o - 5 large rocks
Armour
 a - a +0 robe
 r - a +0 robe of magic resistance
   (You took it off an orc wizard on level 4 of the Dungeon)
 v - a +2 robe of magic resistance (melded)
   (You took it off a wight on level 6 of the Dungeon)
 y - a +1 robe of fire resistance
   (You took it off Pikel on level 5 of the Dungeon)
 J - a cursed +0 shield (worn)
   (You found it on level 2 of the Lair of Beasts)
Jewellery
 b - an uncursed ring of positive energy
   (You found it on level 1 of the Dungeon)
 f - a ring of poison resistance (right branch)
   (You found it on level 2 of the Lair of Beasts)
 g - an uncursed ring of resist corrosion
   (You found it on level 1 of the Dungeon)
 z - a ring of see invisible (left branch)
   (You found it on level 3 of the Lair of Beasts)
 F - an uncursed ring of wizardry
   (You found it on level 8 of the Dungeon)
Wands
 c - a wand of disintegration (6)
   (You found it on level 1 of the Lair of Beasts)
 u - a wand of paralysis (8)
   (You found it on level 3 of the Lair of Beasts)
 G - a wand of scattershot (1)
   (You found it on level 8 of the Dungeon)
Scrolls
 h - 3 scrolls of immolation {!r}
 j - 3 scrolls of teleportation {@r4}
 k - a scroll of fog {unknown}
 m - 5 scrolls of remove curse {@r2}
 q - 2 scrolls of amnesia
 t - 3 scrolls of fear
 x - 3 scrolls of enchant weapon
 B - a scroll of enchant armour {unknown}
 D - 2 scrolls of magic mapping {unknown}
Potions
 d - a potion of magic {unknown}
 l - a potion of lignification {!q}
 n - a potion of haste {unknown}
 s - 3 potions of ambrosia
 w - 4 potions of flight
 E - 5 potions of brilliance
Comestibles
 e - 20 rations {!d}
 A - 5 chunks of flesh


   Skills:
 + Level 8.5 Fighting
 - Level 4.3 Dodging
 - Level 1.0 Stealth
 * Level 3.5 Shields
 + Level 13.8 Unarmed Combat
 - Level 1.2 Spellcasting
 - Level 0.6 Conjurations
 - Level 2.0 Air Magic
 + Level 1.6 Evocations


You had 11 spell levels left.
You knew the following spells:

 Your Spells              Type           Power        Failure   Level  Hunger
a - Shock                 Conj/Air       #...         52%         1    ##.....

Your spell library contained the following spells:

 Spells                   Type           Power        Failure   Level  Hunger
 Flame Tongue             Conj/Fire      #....        65%         1    ##.....
 Confusing Touch          Hex            #.....       71%         1    ##.....
 Swiftness                Chrm/Air       #.......     71%         2    ###....
 Throw Flame              Conj/Fire      #.....       80%         2    ###....
 Static Discharge         Conj/Air       #.......     87%         3    ####...
 Conjure Flame            Conj/Fire      #.......     95%         3    ####...
 Confuse                  Hex            #.......     97%         3    ####...
 Gell's Gravitas          Tloc           #.........   97%         3    ####...
 Inner Flame              Hex/Fire       #.......     97%         3    ####...
 Airstrike                Air            #.........   99%         4    #####..
 Petrify                  Tmut/Erth      #.......     100%        4    #####..
 Sticky Flame             Conj/Fire      #.......     100%        4    #####..
 Fireball                 Conj/Fire      #.........   100%        5    ######.
 Lightning Bolt           Conj/Air       #.........   100%        5    ######.
 Metabolic Englaciation   Hex/Ice        #.........   100%        5    ######.
 Yara's Violent Unravell  Hex/Tmut       #.........   100%        5    ######.


Dungeon Overview and Level Annotations

Branches:
Dungeon (8/15)             Temple (1/1) D:7            Lair (4/6) D:8
  Swamp: Lair:2-4    Shoals: Lair:2-4     Snake: Lair:2-4    Spider: Lair:2-4

Altars:
Ashenzari
Cheibriados
Dithmenos
Elyvilon
Fedhas
Gozag
Hepliaklqana
Kikubaaqudgha
Makhleb
Nemelex Xobeh
Okawaru
Qazlal
Ru
Sif Muna
Trog
Uskayaw
Vehumet
Wu Jian
Xom
Yredelemnul
Zin
The Shining One

Annotations:
D:4 Grinder
Lair:2 exclusion: oklob plant


Innate Abilities, Weirdness & Mutations

You are too large for most types of armour.
((You have claws for hands.))
Your metabolism is lightning-fast.
You like to eat raw meat.
Your natural rate of healing is unusually fast.
((You are covered in fur. (AC +1)))
((You have extremely tough skin. (AC +3)))


Message History

Really quaff
l - 2 potions of lignification {!q}?
Really quaff the potion of lignification?
You turn into a tree.
Your +2 robe of magic resistance melds into your body.
You feel less resistant to hostile enchantments.
Your roots penetrate the ground.
The rime drake breathes ice at you.
The flash freeze hits you but does no damage.
You are encased in ice.
The blink frog hits you.
* * * LOW HITPOINT WARNING * * *
Unknown command.
You barely miss the rime drake.
The rime drake bites you but does no damage.
You block the blink frog's attack.
Unknown command.
You hit the rime drake but do no damage.
The blink frog hits you but does no damage.
The rime drake bites you but does no damage.
You smack the rime drake!
The blink frog completely misses you. You block the rime drake's attack.
You closely miss the rime drake. The ice encasing you melts away.
You block the blink frog's attack. The rime drake breathes ice at you.
The flash freeze hits you.
* * * LOW HITPOINT WARNING * * *
You are encased in ice.
The blink frog hits you!
* * * LOW HITPOINT WARNING * * *
The blink frog blinks!
You pummel the rime drake!!
You kill the rime drake!
You feel your strength returning. You block the blink frog's attack.
The blink frog hits you but does no damage.
You feel better.
The blink frog hits you but does no damage.
You closely miss the blink frog.
The blink frog hits you but does no damage.
The blink frog completely misses you.
You hit the blink frog. You block the blink frog's attack.
The blink frog blinks!
The blink frog completely misses you.
You miss the blink frog. The ice encasing you melts away.
The blink frog blinks!
You smack the blink frog!
The blink frog hits you!
* * * LOW HITPOINT WARNING * * *
The blink frog blinks!
The blink frog hits you!
You die...

.........##.######....÷..........
...#....##### #.....#.....#.##
........# ##...............
>.......## #......#..P......
.........###### ##.....#.........
...#....#..#..####.....#.....#...
.P##....................##...#...
..........F......†...............
...>........§..F♣............#...
...............÷.............#+##
................P....###.....P...
........................#...PP.#.
#.#P###.........P.......#...####.
##### ##........#.......#....# #.
##........#...........####.
#######.........#..#.#..#..## #..
#..##.#.........#...###.#..## #..


You could see 2 blink frogs.

Vanquished Creatures
  2 hydras
  Sonja (Lair:1)
  Pikel (D:5)
  6 elephants
  Joseph (D:7)
  A black mamba (Lair:3)
  3 rime drakes
  2 komodo dragons
  2 tyrant leeches (Lair:3)
  2 blink frogs
  5 dream sheep (Lair:1)
  A hippogriff (D:7)
  A wyvern (Lair:2)
  4 water moccasins
  3 porcupines
  2 sky beasts
  2 black bears
  2 ice beasts (D:6)
  A phantom (D:7)
  5 ogres
  2 orc warriors
  A necrophage (D:8)
  2 centaurs
  3 crocodiles
  7 bullfrogs
  2 scorpions
  5 wights
  A howler monkey (D:5)
  3 crimson imps
  2 jellies
  A gnoll shaman (D:5)
  2 hounds
  A quasit (D:5)
  10 orc priests
  A bullfrog skeleton (D:7)
  15 orc wizards
  3 iguanas
  6 worker ants
  A statue (D:7)
  A hound zombie (D:6)
  2 hound skeletons
  A howler monkey zombie (D:8)
  3 worker ant zombies
  11 gnolls
  A howler monkey skeleton (D:5)
  8 river rats (D:6)
  15 adders
  3 shadow imps
  2 oozes
  An adder skeleton (D:6)
  2 adder zombies
  3 worms
  5 dart slugs
  6 leopard geckos
  43 orcs
  4 ball pythons
  5 bats
  4 giant cockroaches
  8 goblins
  4 hobgoblins
  11 jackals
  13 quokkas
  4 frilled lizards
  A jackal skeleton (D:6)
  5 kobolds
  A quokka zombie (D:7)
  21 rats
303 creatures vanquished.

Vanquished Creatures (others)
  A slave (D:5)
  2 fungi
  3 plants (Lair:2)
6 creatures vanquished.

Grand Total: 309 creatures vanquished

Notes
Turn   | Place    | Note
-------+----------+-------------------------------------------
     0 | D:1      | LostNumber the Troll Air Elementalist began the quest for
                  | the Orb.
     0 | D:1      | Reached XP level 1. HP: 16/16 MP: 1/1
    95 | D:1      | Reached skill level 1 in Unarmed Combat
   103 | D:1      | Reached XP level 2. HP: 25/26 MP: 2/2
   663 | D:2      | Reached skill level 1 in Fighting
   663 | D:2      | Reached skill level 2 in Unarmed Combat
   663 | D:2      | Reached XP level 3. HP: 33/33 MP: 3/3
   835 | D:1      | Reached XP level 4. HP: 31/41 MP: 4/4
  1087 | D:2      | Reached skill level 3 in Unarmed Combat
  1186 | D:2      | Reached XP level 5. HP: 29/48 MP: 5/5
  1972 | D:3      | Reached skill level 4 in Unarmed Combat
  1972 | D:3      | Reached XP level 6. HP: 10/57 MP: 6/6
  2388 | D:3      | Found a white marble altar of Elyvilon.
  3202 | D:4      | Reached skill level 5 in Unarmed Combat
  3321 | D:4      | Reached XP level 7. HP: 57/66 MP: 7/7
  3745 | D:4      | Noticed Grinder
  3847 | D:5      | Entered Level 5 of the Dungeon
  3904 | D:5      | Reached skill level 6 in Unarmed Combat
  3984 | D:5      | Reached XP level 8. HP: 75/75 MP: 8/8
  4093 | D:5      | Reached skill level 7 in Unarmed Combat
  4215 | D:5      | Noticed Pikel
  4260 | D:5      | Killed Pikel
  4260 | D:5      | Reached skill level 8 in Unarmed Combat
  4732 | D:6      | Reached XP level 9. HP: 84/87 MP: 9/9
  4739 | D:6      | Reached skill level 5 in Fighting
  4824 | D:6      | Reached skill level 9 in Unarmed Combat
  5638 | D:6      | Reached skill level 10 in Unarmed Combat
  5946 | D:7      | Found a staircase to the Ecumenical Temple.
  5962 | Temple   | Entered the Ecumenical Temple
  6444 | D:7      | Found a radiant altar of Vehumet.
  6545 | D:7      | Reached XP level 10. HP: 93/100 MP: 10/10
  6681 | D:7      | Noticed Joseph
  6697 | D:7      | Killed Joseph
  6697 | D:7      | Reached skill level 11 in Unarmed Combat
  7347 | D:8      | Found a basalt altar of Yredelemnul.
  7353 | D:8      | Found a glowing golden altar of the Shining One.
  7358 | D:8      | Found a bloodstained altar of Trog.
  7469 | D:8      | Found a staircase to the Lair.
  7628 | D:8      | Found a burning altar of Makhleb.
  7749 | Lair:1   | Entered Level 1 of the Lair of Beasts
  7819 | Lair:1   | Reached skill level 12 in Unarmed Combat
  8442 | Lair:1   | Noticed Sonja
  8448 | Lair:1   | Killed Sonja
  8817 | Lair:2   | Noticed a four-headed hydra
  9054 | Lair:2   | Noticed a five-headed hydra
  9070 | Lair:3   | Noticed an elephant
  9074 | Lair:3   | Noticed an elephant
  9079 | Lair:3   | Noticed an elephant
  9083 | Lair:3   | Noticed an elephant
  9083 | Lair:3   | Noticed an elephant
  9106 | Lair:2   | Killed an elephant
  9106 | Lair:2   | Reached XP level 11. HP: 86/111 MP: 11/11
  9114 | Lair:2   | Reached skill level 13 in Unarmed Combat
  9517 | Lair:3   | Noticed a seven-headed hydra
  9539 | Lair:2   | Noticed an oklob plant
  9540 | Lair:2   | Noticed a five-headed hydra
  9598 | Lair:2   | Killed a five-headed hydra
  9598 | Lair:2   | Reached skill level 1 in Shields
 10114 | Lair:3   | HP: 4/111 [seven-headed hydra (6)]
 10121 | Lair:3   | Killed a seven-headed hydra
 10738 | Lair:3   | Reached skill level 1 in Evocations
 11257 | Lair:3   | Noticed a five-headed hydra
 11415 | Lair:3   | HP: 1/113 [blink frog (15)]
 11421 | Lair:3   | HP: 1/169 [blink frog (8)]
 11429 | Lair:3   | HP: 2/169 [blink frog (10)]
 11429 | Lair:3   | Mangled by a blink frog

Skill      XL: |  1  2  3  4  5  6  7  8  9 10 11 |
---------------+----------------------------------+-----
Unarmed Combat | 1 2 3 4 5 6 8 10 12 13 | 13.8
Fighting       | 1 2 3 4 6 7 8 |  8.5
Dodging        | 2 3 4 |  4.3
Shields        | 3 |  3.5
Evocations     | 1 |  1.6
Stealth        | |  1.0
Spellcasting   | |  1.2
Conjurations   | |  0.6
Air Magic      | |  2.0

Action                   |  1- 3 |  4- 6 |  7- 9 | 10-12 || total
-------------------------+-------+-------+-------+-------++-------
Melee: Unarmed           |   117 |   272 |   395 |   286 ||  1070
       Punch             |       |     4 |     9 |    13 ||    26
       Flail             |       |       |       |    18 ||    18
Evoke: Wand              |       |       |       |     6 ||     6
  Use: Scroll            |     3 |       |     2 |    10 ||    15
       Potion            |       |       |       |     8 ||     8
 Stab: Sleeping          |     1 |     1 |       |     2 ||     4
       Distracted        |       |       |       |     1 ||     1
  Eat: Chunk             |    13 |    23 |    29 |    46 ||   111
Armor: Robe              |    39 |    90 |   112 |    61 ||   302
       Skin              |       |       |       |     7 ||     7
Dodge: Dodged            |    65 |   119 |   182 |   141 ||   507
Block: Shield            |       |       |       |    23 ||    23
